 Dungeon Crawl Stone Soup version 0.30-a0-341-g682706514a (webtiles) character file.

Game seed: 240823998593871750

848 Kinoniko the Basher (level 7, -1/90 HPs)
             Began as an Armataur Berserker on Nov 3, 2022.
             Was an Elder of Trog.
             Slain by a killer bee (3 damage)
             ... on level 5 of the Dungeon.
             The game lasted 00:05:15 (3585 turns).

Kinoniko the Basher (Armataur Berserker)            Turns: 3585, Time: 00:05:15

Health: -1/90      AC:  6    Str: 30    XL:     7   Next: 69%
Magic:  7/7        EV:  9    Int: 10    God:    Trog [****..]
Gold:   140        SH:  0    Dex: 11    Spells: 6/6 levels left

rFire   . . .      SeeInvis .    v - +0 morningstar
rCold   + . .      Faith    +    (no shield)
rNeg    . . .      Spirit   .    e - +0 ring mail
rPois   +          Reflect  .    (no helmet)
rElec   .          Harm     .    (no cloak)
rCorr   .          Roll     +    (no gloves)
Will    .....                    (no barding)
Stlth   ..........               q - amulet of faith
HPRegen 0.35/turn                s - ring "Ureimero" {Fly rPois rC+ Dex-5 Stlth+}
MPRegen 0.10/turn                j - ring "Seimuuxt" {Str+6 Int+3 Dex+6}

@: berserking, lethally poisoned (-1 -> -5), flying, studying 2 skills, very
quick
A: large, rugged brown scales 3, deformed body, armoured tail, roll, long
tongue, awkward tongue
a: Renounce Religion, Berserk, Trog's Hand, Brothers in Arms


You were on level 5 of the Dungeon.
You worshipped Trog.
Trog was greatly pleased with you.
You visited 1 branch of the dungeon, and saw 5 of its levels.

You collected 280 gold pieces.
You spent 140 gold pieces at shops.

Inventory:

Hand Weapons
 a - a +0 mace
 v - a +0 morningstar (weapon)
Missiles
 r - 2 throwing nets (quivered)
Armour
 b - a +0 animal skin
 e - a +0 ring mail (worn)
 k - a +0 scale mail
Jewellery
 g - a ring of fire
 j - the ring "Seimuuxt" (right hand) {Str+6 Int+3 Dex+6}
   (You acquired it on level 4 of the Dungeon)

   [ring of strength]

   Str:       It affects your strength (+6).
   Int:       It affects your intelligence (+3).
   Dex:       It affects your dexterity (+6).
 p - a ring of ice
 q - an amulet of faith (around neck)
 s - the ring "Ureimero" (left hand) {Fly rPois rC+ Dex-5 Stlth+}
   (You bought it in a shop on level 3 of the Dungeon)

   [ring of flight]

   Dex:       It affects your dexterity (-5).
   rC:        It protects you from cold.
   rPois:     It protects you from poison.
   Fly:       It grants you flight.
   Stlth:     It makes you more stealthy.
Wands
 n - a wand of roots (8)
Scrolls
 d - a scroll of torment
 f - 3 scrolls of teleportation
 h - 2 scrolls of noise
 l - a scroll of vulnerability
 w - a scroll of fog
Potions
 c - a potion of attraction {unknown}
 i - a potion of curing {unknown}
 m - a potion of degeneration {unknown}
 o - a potion of mutation {unknown}
 t - 2 potions of flight
 u - a potion of cancellation {unknown}
 x - a potion of magic {unknown}
 z - a potion of invisibility {unknown}


   Skills:
 + Level 3.5 Fighting
 * Level 8.1 Maces & Flails
 - Level 2.4 Armour
 + Level 2.3 Dodging


You had 6 spell levels left.
You didn't know any spells.
Your spell library was empty.

Dungeon Overview and Level Annotations

Branches:
Dungeon (5/15)
 Temple: D:4-7

Altars:
Makhleb

Shops:
D:3 *

Annotations:
D:3 2 transporters, decrepitue's ghost, amateur OpTm


Innate Abilities, Weirdness & Mutations

You are completely covered in rugged brown scales. (AC +3, +7% HP)
Armour fits poorly on your strangely shaped body.
You have a long armoured tail.
You roll when moving toward enemies. (Rampage)
Your long tongue fully drains potion bottles. (2x potion effects)
Your tongue gives you trouble enunciating. (1.5x scroll delay)


Message History

The killer bee stings you but does no damage.
The killer bee barely misses you.
You closely miss the quokka.
You feel sick. The killer bee closely misses you. The killer bee stings you!
The killer bee stings you but does no damage.
The killer bee closely misses you.
Unknown command.
You closely miss the quokka.
You feel sick. The killer bee completely misses you. The killer bee stings you.
* * * LOW HITPOINT WARNING * * *
You are more poisoned.
The killer bee poisons you!
The killer bee stings you but does no damage.
The killer bee stings you.
* * * LOW HITPOINT WARNING * * *
The quokka bites you.
* * * LOW HITPOINT WARNING * * *
The killer bee stings you but does no damage.
The killer bee stings you!
* * * LOW HITPOINT WARNING * * *
The killer bee stings you but does no damage.
The killer bee stings you!
* * * LOW HITPOINT WARNING * * *
Unknown command.
You thump the killer bee!
The killer bee is severely wounded.
You feel sick.
The quokka bites you but does no damage.
The killer bee barely misses you. The killer bee stings you.
* * * LOW HITPOINT WARNING * * *
The killer bee barely misses you.
The killer bee stings you but does no damage.
You miss the killer bee. You punch the killer bee.
You kill the killer bee!
Trog accepts your kill.
* * * LOW HITPOINT WARNING * * *
You feel sick. The killer bee stings you.
* * * LOW HITPOINT WARNING * * *
The killer bee stings you.
You die...

..
+.............#......#####
.
#.............#..........#
#..######.....#..........#
#####. #.....#...)......#
..... #.....#..........#
.....##.....############
...............
.##....yy......
#....@†......
#..##ry...##( ### #o....#
#.....# ......# ......#
#.....# #.....#


You could see 3 killer bees, an orc and a quokka.

Vanquished Creatures
  Sigmund (D:2)
  3 killer bees (D:5)
  A howler monkey (D:4)
  A jelly (D:4)
  5 orc priests
  Jessica (D:3)
  An iguana (D:5)
  Natasha (thrice) (D:2)
  An orc wizard (D:5)
  6 gnolls
  6 adders
  A worm (D:3)
  2 dart slugs
  10 orcs
  7 endoplasms
  4 giant cockroaches
  11 goblins
  6 hobgoblins
  6 jackals
  6 quokkas
  4 ball pythons
  6 bats
  7 frilled lizards
  5 kobolds
  10 rats
114 creatures vanquished.

Vanquished Creatures (others)
  2 withered plants (D:1)
2 creatures vanquished.

Grand Total: 116 creatures vanquished

Notes
Turn   | Place    | Note
-------+----------+-------------------------------------------
     0 | D:1      | Kinoniko the Armataur Berserker began the quest for the
                  | Orb.
     0 | D:1      | Reached XP level 1. HP: 19/19 MP: 1/1
    89 | D:1      | Reached skill level 3 in Maces & Flails
   141 | D:1      | Reached XP level 2. HP: 26/26 MP: 2/2
   512 | D:1      | Found a faded altar of an unknown god.
   812 | D:2      | Reached ** piety under Trog
   813 | D:2      | Reached XP level 3. HP: 32/32 MP: 3/3
   864 | D:2      | Reached skill level 4 in Maces & Flails
   925 | D:2      | Noticed Natasha
   930 | D:2      | Killed Natasha
   931 | D:2      | Reached XP level 4. HP: 39/39 MP: 4/4
  1258 | D:2      | Noticed Natasha
  1262 | D:2      | Killed Natasha
  1263 | D:2      | Reached skill level 5 in Maces & Flails
  1369 | D:2      | Noticed Natasha
  1373 | D:2      | Killed Natasha
  1374 | D:2      | Reached XP level 5. HP: 31/44 MP: 5/5
  1454 | D:2      | Noticed Sigmund
  1464 | D:2      | Killed Sigmund
  1465 | D:2      | Reached skill level 6 in Maces & Flails
  1465 | D:2      | Reached XP level 6. HP: 51/53 MP: 6/6
  1945 | D:3      | Noticed Jessica
  1947 | D:3      | Killed Jessica
  1947 | D:3      | Reached *** piety under Trog
  2225 | D:3      | Found Wijisun's Assorted Antiques.
  2233 | D:3      | Bought a coiled platinum ring for 140 gold pieces
  2233 | D:3      | Identified the ring "Ureimero" {Fly rPois rC+ Dex-5 Stlth+}
                  | (You bought it in a shop on level 3 of the Dungeon)
  2254 | D:3      | Found a burning altar of Makhleb.
  2366 | D:3      | Found a transporter.
  2366 | D:3      | Noticed decrepitue's ghost (amateur OpTm)
  2387 | D:3      | Found a transporter.
  2550 | D:4      | Identified 3 scrolls of acquirement
  2557 | D:4      | Reached skill level 7 in Maces & Flails
  2708 | D:4      | Acquired a manual of Fighting
  2710 | D:4      | Acquired a manual of Dodging
  2712 | D:4      | Acquired the ring "Seimuuxt" {Str+6 Int+3 Dex+6}
  2812 | D:4      | Reached XP level 7. HP: 59/59 MP: 7/7
  3441 | D:5      | Entered Level 5 of the Dungeon
  3471 | D:5      | Reached skill level 8 in Maces & Flails
  3578 | D:5      | Reached **** piety under Trog
  3585 | D:5      | HP: 4/90 [poisoned by a killer bee]
  3585 | D:5      | Slain by a killer bee

Illustrated notes

Levels and vault maps discovered:
D:1:      evilmike_arrival_crescent, layout_basic,
          ebering_ecumenical_altar_petrified
D:2:      layout_basic, uniq_natasha, uniq_sigmund
D:3:      layout_rooms, lightli_temple_of_fire, gammafunk_ghost_arena,
          serial_shops, nicolae_shop_hallway_stairs, uniq_jessica
D:4:      layout_basic
D:5:      layout_gridville, serial_shops, nicolae_stop_n_shop_1

Skill      XL: |  1  2  3  4  5  6  7 |
---------------+----------------------+-----
Maces & Flails | 3 4 5 6 7 8 |  8.1
Fighting       | 3 |  3.5
Dodging        | 2 |  2.3
Armour         | |  2.4

Action                   |  1- 3 |  4- 6 |  7- 9 || total
-------------------------+-------+-------+-------++-------
Melee: Mace              |    98 |   128 |     7 ||   233
       Tailslap          |     6 |    12 |     4 ||    22
       Punch             |       |     1 |     2 ||     3
       Morningstar       |       |       |    54 ||    54
Invok: Berserk           |     1 |     5 |     2 ||     8
  Use: Scroll            |       |     5 |     5 ||    10
Armor: Animal skin       |    37 |       |       ||    37
       Ring mail         |    25 |    50 |    39 ||   114
Dodge: Dodged            |    44 |    51 |    38 ||   133

Table legend: (Time is in decaauts)
 A = Elapsed time spent in this place.
 B = Non-inter-level travel time spent in this place.
 C = Inter-level travel time spent in this place.
 D = Time resting spent in this place.
 E = Time spent auto-exploring this place.
 F = Levels seen in this place.
 G = Mean time per level.
                   A        B        C        D        E       F      G
               +--------+--------+--------+--------+--------+-----+--------+
         Total |   3685 |   3496 |    189 |    419 |   2409 |   5 |  737.0 |
       Dungeon |   3685 |   3496 |    189 |    419 |   2409 |   5 |  737.0 |
               +--------+--------+--------+--------+--------+-----+--------+

Top non-repeatable levels by time:
     D:2: 1118 daAuts
     D:4: 924 daAuts
     D:1: 803 daAuts
     D:3: 687 daAuts
     D:5: 152 daAuts
